AoeStats
← HAKUNA MATATA

Arena

504745185Analyzed
4v4 RM · 26d ago on Sep 6, 2026· 40m 17s· 8 players
Game mode
Random Map
Map size
Large (8 player)
Population
200
Speed
Normal
Resources
Standard
Victory
Conquest
Starting age
Dark Age
Ending age
Imperial Age
RankedLock teamsTeams togetherTeam positionsShared explorationLock speedFull tech treeHidden civsTurbo modeCheats
Victory
Defeat
🇹🇷 Tupi · Türkiye
1428
+16
🇹🇷 Cumans · Türkiye
1340
+20
🇹🇷 Romans · Türkiye
1320
+21
🇹🇷 Khmer · Türkiye
1311
+21
🇭🇰 Bohemians · Hong Kong SAR China
1538
-24
🇦🇷 Franks · Argentina
1441
-20
🇹🇼 Persians · Taiwan
1365
-17
🇹🇷 Bengalis · Türkiye
1357
-17
五花馬肉乾妹妹
10:49 Feudal Age
11:14 Double-Bit Axe
11:30 Horse Collar
14:29 Castle Age
15:07 Bow Saw
17:04 Wheelbarrow
20:57 Heavy Plow
23:17 Stone Mining
24:54 Stone Shaft Mining
24:21 Gold Mining
25:29 Scale Barding Armor
26:15 Loom
29:04 Imperial Age
27:11 Chain Barding Armor
27:50 Forging
29:00 Gold Shaft Mining
29:05 Elite War Elephant
30:07 Conscription
30:28 Husbandry
30:53 Bloodlines
31:21 Plate Barding Armor
30:45 Light Cavalry
32:01 Hussar
34:14 Iron Casting
34:58 Devotion
36:51 Blast Furnace
37:37 Fletching
38:48 Bodkin Arrow
LagiPup
11:28 Feudal Age
15:15 Castle Age
13:15 Horse Collar
13:42 Double-Bit Axe
16:59 Wheelbarrow
21:57 Fervor
28:08 Imperial Age
25:25 Loom
26:08 Bow Saw
26:22 Ballistics
26:54 Hand Cart
26:55 Town Watch
27:01 Fletching
28:32 Chemistry
28:16 Wagenburg Tactics
28:28 Elite Hussite Wagon
29:04 Pikeman
29:44 Squires
29:29 Arson
29:45 Scale Mail Armor
30:07 Forging
29:48 Halberdier
31:32 Chain Mail Armor
32:49 Bodkin Arrow
34:01 Iron Casting
39:17 Plate Mail Armor
39:47 Blast Furnace
HAKUNA MATATA
13:31 Feudal Age
13:54 Horse Collar
17:21 Castle Age
16:18 Double-Bit Axe
18:22 Bow Saw
18:15 Heavy Plow
31:07 Imperial Age
29:36 Loom
30:27 Wheelbarrow
29:37 Town Watch
30:16 Fletching
30:27 Padded Archer Armor
30:50 Ballistics
30:58 Husbandry
31:09 Bloodlines
30:21 Light Cavalry
31:15 Scale Barding Armor
31:22 Forging
31:07 Bodkin Arrow
32:37 Elite Elephant Archer
35:24 Iron Casting
35:10 Chain Barding Armor
37:33 Blast Furnace
36:53 Leather Archer Armor
38:17 Bodkin Arrow
39:08 Plate Barding Armor
Bear
11:22 Feudal Age
15:22 Castle Age
13:36 Double-Bit Axe
21:16 Fletching
waLLefps.
11:10 Feudal Age
14:48 Castle Age
12:40 Double-Bit Axe
14:07 Gold Mining
15:41 Bow Saw
16:48 Horse Collar
17:49 Capped Ram
20:34 Heavy Plow
24:46 Wheelbarrow
25:38 Loom
27:20 Hand Cart
27:45 Gold Shaft Mining
28:10 Stone Mining
32:23 Imperial Age
30:38 Scale Mail Armor
30:49 Forging
30:30 Fletching
30:33 Town Watch
31:08 Squires
30:54 Arson
30:30 Pikeman
32:58 Chain Mail Armor
33:18 Iron Casting
32:30 Halberdier
34:35 Plate Mail Armor
39:16 Blast Furnace
klostrofobikköstebek
10:14 Feudal Age
14:29 Castle Age
12:27 Double-Bit Axe
12:45 Horse Collar
15:37 Heavy Plow
16:47 Wheelbarrow
21:19 Hand Cart
22:16 Bow Saw
23:06 Loom
26:41 Imperial Age
24:04 Gold Mining
26:01 Gold Shaft Mining
26:01 Ballistics
26:33 Ballistas
28:42 Chemistry
27:09 Heavy Scorpion
28:24 Forging
27:39 Pikeman
29:26 Crop Rotation
29:38 Halberdier
31:53 Siege Engineers
31:19 Capped Ram
32:07 Scale Mail Armor
32:09 Squires
32:53 Onager
35:52 Chain Mail Armor
36:13 Iron Casting
35:40 Siege Ram
41:10 Blast Furnace
40:16 Scale Barding Armor
40:11 Padded Archer Armor
40:02 Fletching
40:24 Fortified Wall
40:10 Murder Holes
Yokolucu
11:31 Feudal Age
14:18 Castle Age
12:25 Horse Collar
12:49 Double-Bit Axe
15:13 Bow Saw
15:11 Heavy Plow
20:50 Wheelbarrow
26:21 Imperial Age
24:23 Bloodlines
24:39 Husbandry
24:45 Husbandry
25:02 Scale Barding Armor
25:48 Forging
27:10 Hand Cart
27:49 Chain Barding Armor
26:56 Light Cavalry
27:44 Hussar
29:18 Plate Barding Armor
31:00 Iron Casting
31:12 Conscription
32:49 Blast Furnace
32:36 Cavalier
32:41 Elite Battle Elephant
34:24 Tusk Swords
34:23 Gold Mining
34:26 Stone Mining
36:35 Gold Shaft Mining
39:00 Crop Rotation
38:48 Town Watch
38:48 Loom
40:42 Hoardings
Tameryig1t
11:36 Feudal Age
16:30 Castle Age
14:27 Stone Mining
14:24 Double-Bit Axe
14:43 Fletching
15:33 Loom
15:51 Padded Archer Armor
15:37 Horse Collar
17:25 Bodkin Arrow
20:02 Bow Saw
21:03 Ballistics
30:48 Imperial Age
28:54 Wheelbarrow
32:58 Bracer
33:14 Leather Archer Armor
33:21 Conscription
35:10 Chemistry
35:38 Pikeman
36:18 Squires
37:23 Hand Cart
38:52 Two-Man Saw
38:03 Scale Mail Armor
38:50 Forging
38:51 Arson
38:27 Halberdier
39:46 Chain Mail Armor
40:13 Murder Holes
41:02 Iron Casting
Connection lost

Rejoining the realm…

Still unreachable

The connection could not be restored.

Session expired

The server has moved on; the page needs a fresh start.